 Dungeon Sprint DCSS version 0.28-a0-79-g444c7a33f5 (webtiles) character file.

Game seed: 1138147830754274571

401 Zeldest the Martial Artist (level 6, -5/32 HPs)
             Began as a Vine Stalker Transmuter on Aug 2, 2021.
             Was a Believer of Cheibriados.
             Slain by a two-headed ogre (12 damage)
             ... in the Dungeon (Sprint IX: "|||||||||||||||||||||||||||||").
             The game lasted 00:01:38 (193 turns).

Zeldest the Martial Artist (Vine Stalker Transmuter) Turns: 193, Time: 00:01:39

Health: -5/32      AC: 12    Str: 22    XL:     6   Next: 85%
Magic:  0/10       EV: 11    Int: 18    God:    Cheibriados [**....]
Gold:   0          SH:  0    Dex: 20    Spells: 8/9 levels left

rFire   . . .      SeeInvis .     - Unarmed
rCold   . . .      Faith    .   (no shield)
rNeg    . . .      Spirit   +   j - +1 chain mail
rPois   .          Reflect  .   (no helmet)
rElec   .          Harm     .   h - +0 cloak
rCorr   .          Rampage  .   (no gloves)
Will    .....      NoTele   +   i - +0 pair of boots
Stlth   ..........              (no amulet)
HPRegen 1.10/turn               k - +3 ring of strength
MPRegen 0.12/turn               l - +2 ring of evasion

@: lethally poisoned (-5 -> -5), very slightly contaminated, invisible, very
slow
A: fangs 2, regeneration 1, magic shield, antimagic bite, no potion heal 2
a: Renounce Religion, Bend Time


You were in the Dungeon.
You worshipped Cheibriados.
Cheibriados was pleased with you.
You visited 1 branch

Inventory:

Armour
 a - a +0 robe
 h - a +0 cloak (worn)
 i - a +0 pair of boots (worn)
 j - a +1 chain mail (worn)
Jewellery
 k - a +3 ring of strength (left hand)
 l - a +2 ring of evasion (right hand)
Wands
 g - a wand of acid (8)
Scrolls
 e - 2 scrolls of amnesia
 f - 2 scrolls of blinking
Potions
 b - 5 potions of curing
 d - 4 potions of magic


   Skills:
 + Level 3.5 Fighting
 + Level 3.1 Armour
 + Level 3.5 Dodging
 + Level 11.3 Unarmed Combat
 - Level 2.1 Spellcasting
 + Level 4.3 Transmutations
 + Level 3.6 Invocations


You had 8 spell levels left.
You knew the following spells:

 Your Spells              Type           Power      Damage    Failure   Level
a - Beastly Appendage     Tmut           34%        N/A       26%         1

Your spell library contained the following spells:

 Spells                   Type           Power      Damage    Failure   Level
 Wereblood                Tmut           17%        N/A       36%         2
 Spider Form              Tmut/Pois      4%         N/A       88%         3
 Ice Form                 Ice/Tmut       9%         N/A       99%         4


Dungeon Overview and Level Annotations

Branches:
Dungeon (1/1)

Altars:
Cheibriados
Dithmenos
Elyvilon
Fedhas
Gozag
Hepliaklqana
Kikubaaqudgha
Makhleb
Nemelex Xobeh
Okawaru
Qazlal
Ru
Sif Muna
Trog
Uskayaw
Vehumet
Wu Jian
Xom
Yredelemnul
Zin
The Shining One
Beogh
Jiyva
Lugonu


Innate Abilities, Weirdness & Mutations

You have extremely sharp teeth.
Your natural rate of healing is unusually fast.
When hurt, damage is shared between your health and your magic reserves.
Your bite disrupts and absorbs the magic of your enemies.
Potions cannot restore your health.


Message History

Confirm with . or Enter, or press ? or * to list all spells.
Okay, then.
Aiming: Corrosive Bolt
Press: ? - help, Shift-Dir - straight line, f - howler monkey
Aim: a howler monkey (68% to hit)
The bolt of acid hits the howler monkey!
The howler monkey is splashed with acid!
The acid corrodes the howler monkey!
The howler monkey is almost dead.
The bolt of acid hits the two-headed ogre!
The two-headed ogre is splashed with acid.
The two-headed ogre is moderately wounded.
The bolt of acid hits the bat zombie!
The bat zombie is splashed with acid.
The acid corrodes the bat zombie!
You destroy the bat zombie!
Cheibriados thoroughly appreciates the change of pace.
Cheibriados raises the support of your attributes as your movement slows.
The bolt of acid misses the giant cockroach zombie.
You feel yourself speed up.
You feel sick.
Aiming: Corrosive Bolt
Press: ? - help, Shift-Dir - straight line, f/p - howler monkey
Aim: a howler monkey (almost dead, covered in acid, 68% to hit)
The bolt of acid hits the two-headed ogre!
The two-headed ogre is splashed with acid.
The two-headed ogre is heavily wounded.
The bolt of acid hits the howler monkey!
The howler monkey is splashed with acid.
The howler monkey seems to be corroded for longer.
You kill the howler monkey!
Cheibriados appreciates the change of pace.
The bolt of acid hits the giant cockroach zombie!
The giant cockroach zombie is splashed with acid.
The acid corrodes the giant cockroach zombie!
You destroy the giant cockroach zombie!
Cheibriados thoroughly appreciates the change of pace.
Cheibriados raises the support of your attributes as your movement slows.
You feel sick. The two-headed ogre misses you.
The two-headed ogre hits you with a +0 giant club!
You die... ▓▓▓▓▓▓▓▓▓▓▓▓▓▓▓▓▓▓▓▓▓▓▓▓ +.....O@......).!'______ ▓▓▓▓▓▓▓▓▓▓▓▓▓▓▓▓▓▓▓▓▓▓▓▓

You could see a two-headed ogre.

Vanquished Creatures
  A hornet (D)
  A necrophage (D)
  A killer bee (D)
  2 howler monkeys (D)
  An adder (D)
  An orc (D)
  A bat zombie (D)
  2 endoplasms (D)
  2 kobolds (D)
  A giant cockroach zombie (D)
  A quokka skeleton (D)
  A rat (D)
15 creatures vanquished.

Notes
Turn   | Place    | Note
-------+----------+-------------------------------------------
     0 | D        | Zeldest the Vine Stalker Transmuter began the quest for the
                  | Orb.
     0 | D        | Reached XP level 1. HP: 9/9 MP: 4/4
    10 | D        | Reached skill level 4 in Unarmed Combat
    22 | D        | Noticed a howler monkey
    22 | D        | Noticed a necrophage
    26 | D        | Reached skill level 5 in Unarmed Combat
    26 | D        | Reached XP level 2. HP: 13/14 MP: 6/6
    30 | D        | Killed a necrophage
    31 | D        | Reached skill level 9 in Unarmed Combat
    31 | D        | Reached XP level 3. HP: 5/17 MP: 7/7
    31 | D        | Gained mutation: Your natural rate of healing is unusually
                  | fast. [Vine Stalker growth]
    31 | D        | Reached XP level 4. HP: 6/21 MP: 8/8
    39 | D        | Reached skill level 10 in Unarmed Combat
    39 | D        | Reached XP level 5. HP: 16/25 MP: 9/9
    48 | D        | Found a snail-covered altar of Cheibriados.
    48 | D        | Found a shadowy altar of Dithmenos.
    48 | D        | Found a white marble altar of Elyvilon.
    48 | D        | Found a blossoming altar of Fedhas.
    48 | D        | Found an opulent altar of Gozag.
    49 | D        | Found a hazy altar of Hepliaklqana.
    50 | D        | Found a viscous altar of Jiyva.
    51 | D        | Found an ancient bone altar of Kikubaaqudgha.
    52 | D        | Became a worshipper of Cheibriados the Contemplative
    53 | D        | Found a corrupted altar of Lugonu.
    54 | D        | Found a burning altar of Makhleb.
    55 | D        | Found a sparkling altar of Nemelex Xobeh.
    56 | D        | Found an iron altar of Okawaru.
    57 | D        | Found a stormy altar of Qazlal.
    58 | D        | Found a sacrificial altar of Ru.
    59 | D        | Found a shimmering blue altar of Sif Muna.
    60 | D        | Found a bloodstained altar of Trog.
    61 | D        | Found a hide-covered altar of Uskayaw.
    62 | D        | Found a radiant altar of Vehumet.
    63 | D        | Found an ornate altar of the Wu Jian Council.
    64 | D        | Found a shimmering altar of Xom.
    65 | D        | Found a basalt altar of Yredelemnul.
    66 | D        | Found a glowing silver altar of Zin.
    67 | D        | Found a glowing golden altar of the Shining One.
   180 | D        | Noticed a two-headed ogre
   180 | D        | Noticed a hornet
   187 | D        | Reached skill level 1 in Fighting
   187 | D        | Reached skill level 1 in Armour
   187 | D        | Reached skill level 1 in Invocations
   191 | D        | Killed a hornet
   191 | D        | Reached * piety under Cheibriados
   192 | D        | Reached skill level 11 in Unarmed Combat
   192 | D        | Reached XP level 6. HP: 6/32 MP: 1/10
   192 | D        | Reached ** piety under Cheibriados
   193 | D        | Slain by a two-headed ogre

Illustrated notes

Levels and vault maps discovered:
D:        linesprint [early_d, line_temple, items_1, d_10, items_2, lair_1,
          lair_end, items_3, orc_1, orc_end, items_4, d_15, swamp_1, shoals_1,
          snake_1, spider_1, d_20, vaults_1, items_5, swamp_end, shoals_end,
          snake_end, spider_end, vaults_end, d_27, items_6, zot_1, zot_end,
          crypt_end, forest_end, elf_end, slime_end, tomb_end, abyss_end,
          pan_hell_end]

Skill      XL: |  1  2  3  4  5 |
---------------+----------------+-----
Unarmed Combat | 5 9 10 11 | 11.3
Fighting       | 3 |  3.5
Armour         | 3 |  3.1
Dodging        | 3 |  3.5
Invocations    | 3 |  3.6
Transmutations | 4 |  4.3
Spellcasting   | |  2.1

Action                   |  1- 3 |  4- 6 || total
-------------------------+-------+-------++-------
Melee: Unarmed           |    16 |    21 ||    37
       Bite              |     5 |     4 ||     9
       Kick              |     3 |     3 ||     6
       Headbutt          |     1 |     1 ||     2
       Punch             |       |     1 ||     1
 Cast: Beastly Appendage |     1 |     1 ||     2
Evoke: Wand              |       |     2 ||     2
  Use: Potion            |     2 |     1 ||     3
 Stab: Invisible         |       |     3 ||     3
Armor: Robe              |       |     2 ||     2
       Chain mail        |       |     4 ||     4
Dodge: Dodged            |     3 |    10 ||    13

Table legend: (Time is in decaauts)
 A = Elapsed time spent in this place.
 B = Non-inter-level travel time spent in this place.
 C = Inter-level travel time spent in this place.
 D = Time resting spent in this place.
 E = Time spent auto-exploring this place.
 F = Levels seen in this place.
 G = Mean time per level.
                   A        B        C        D        E       F      G
               +--------+--------+--------+--------+--------+-----+--------+
         Total |    207 |    207 |      0 |      0 |      0 |   1 |  207.0 |
       Dungeon |    207 |    207 |      0 |      0 |      0 |   1 |  207.0 |
               +--------+--------+--------+--------+--------+-----+--------+

Top non-repeatable levels by time:
       D: 207 daAuts
